 Dungeon Crawl Stone Soup version 0.30.0-29-ga12c61a403 (webtiles) character file.

Game seed: 7682338784461852147

50 Bnni the Digger (level 4, 0/32 HPs)
             Began as a Formicid Earth Elementalist on June 23, 2023.
             Slain by Sigmund
             ... wielding a +0 scythe
              (10 damage)
             ... on level 2 of the Dungeon.
             The game lasted 00:01:44 (991 turns).

Bnni the Digger (Formicid Earth Elementalist)        Turns: 991, Time: 00:01:45

Health: 0/32       AC:  2    Str: 13    XL:     4   Next: 4%
Magic:  5/7        EV: 12    Int: 16    God:
Gold:   61         SH:  0    Dex: 14    Spells: 5/8 levels left

rFire   . . .        k - +2 long sword (holy)
rCold   . . .        (no shield)
rNeg    . . .        a - +0 robe
rPois   .            (helmet unavailable)
rElec   .            c - scarf {+Inv}
rCorr   .            (no gloves)
SInv    +            (no boots)
Will    .....        h - amulet of faith
Stlth   ++           (no ring)
HPRegen 0.25/turn    (no ring)
MPRegen 0.10/turn

%: faith
@: no status effects
A: permanent stasis, dig shafts and tunnels, antennae 3, four strong arms
a: Dig, Shaft Self, Evoke Invisibility


You were on level 2 of the Dungeon.
You visited 1 branch of the dungeon, and saw 2 of its levels.

You collected 61 gold pieces.

Inventory:

Hand Weapons
 k - a +2 long sword of holy wrath (weapon)
Missiles
 i - 4 curare-tipped darts
Armour
 a - a +0 robe (worn)
 c - a scarf of invisibility (worn)
 e - a +0 leather armour
Jewellery
 h - an amulet of faith (around neck)
Scrolls
 d - 2 scrolls of identify {unknown}
 j - a scroll of brand weapon {unknown}
Potions
 b - a potion of magic
 f - a potion of heal wounds {unknown}
 g - a potion of attraction {unknown}


   Skills:
 + Level 1.0 Fighting
 - Level 1.7 Dodging
 - Level 2.4 Stealth
 + Level 2.5 Spellcasting
 * Level 1.1 Conjurations
 * Level 2.0 Transmutations
 * Level 4.3 Earth Magic


You had 5 spell levels left.
You knew the following spells:

 Your Spells              Type           Power      Damage    Failure   Level
a - Sandblast             Erth           30%        2d9       3%          1
b - Passwall              Tmut/Erth      10%        N/A       9%          2

Your spell library contained the following spells:

 Spells                   Type           Power      Damage    Failure   Level
 Stone Arrow              Conj/Erth      20%        3d8       19%         3
 Dazzling Flash           Conj/Hex       6%         N/A       43%         3
 Petrify                  Tmut/Erth      12%        N/A       47%         4
 Volatile Blastmotes      Fire/Tloc      4%         2d10      52%         3
 Iskenderun's Mystic Bla  Conj/Tloc      3%         2d3       83%         4
 Starburst                Conj/Fire      1%         6d3       100%        6


Dungeon Overview and Level Annotations

Branches:
Dungeon (2/15)

Altars:

Annotations:
D:2 Sigmund


Innate Abilities, Weirdness & Mutations

You cannot be hasted, slowed, berserked, paralysed or teleported.
You can dig through walls and to a lower floor.
You have a pair of large antennae on your head. (SInv)
Your four strong arms can wield two-handed weapons with a shield.


Message History

You hit the jackal.
You kill the jackal!
The jackal bites you.
You barely miss the jackal. The jackal bites you.
You slash the jackal!
You kill the jackal!
The jackal closely misses you.
You closely miss the jackal. The jackal closely misses you.
The jackal misses you.
You hit the jackal.
The jackal is severely wounded.
The jackal closely misses you.
Sigmund the Dreaded comes into view.
He is wielding a +0 scythe.
The jackal bites you.
Sigmund shouts!
You slash the jackal!
You kill the jackal!
The jackal bites you but does no damage.
Your Fighting skill increases to level 1!
You have reached level 4!
You feel stronger.
Okay, then.
You hit the jackal.
The jackal is severely wounded.
The jackal bites you. The jackal closely misses you.
Aiming: Sandblast (safe; 3% risk of failure)
Press: ? - help, Q - select action, (/) - cycle Shift-Dir - straight line, f - jackal
Aim: a jackal (severely wounded, 77% to hit)
The blast of sand hits the jackal.
You kill the jackal!
Sigmund gestures at you while chanting. The magic dart hits you.
Aiming: Sandblast (safe; 3% risk of failure)
Press: ? - help, Q - select action, (/) - cycle Shift-Dir - straight line, f - Sigmund
Aim: Sigmund, wielding a +0 scythe and wearing a +0 robe (80% to hit)
The blast of sand misses Sigmund.
Sigmund gestures at you while chanting. The magic dart hits you!
Sigmund hits you from afar with a +0 scythe!
You die...

{{{ #.# ####. #.. ....
{#.# ##.. #.# ##.. {{{
#.# #... #.######...
##############..........
..................###...
######@#####.##### #...
#†# #.# #... #@# #.#
##.. #.# #.# #.. #.# #.#
##. #.# #.# #. ... ...
.. #.# ##


You could see Sigmund.

Vanquished Creatures
  A worm (D:2)
  A dart slug (D:1)
  4 endoplasms
  8 giant cockroaches (D:1)
  3 hobgoblins
  8 jackals
  4 kobolds (D:1)
  2 quokkas (D:1)
  A ball python (D:1)
  2 bats
  2 frilled lizards (D:1)
  A rat (D:1)
37 creatures vanquished.

Notes
Turn   | Place    | Note
-------+----------+-------------------------------------------
     0 | D:1      | Bnni the Formicid Earth Elementalist began the quest for
                  | the Orb.
     0 | D:1      | Reached XP level 1. HP: 13/13 MP: 3/3
     1 | D:1      | Found a runed translucent door.
    91 | D:1      | Reached XP level 2. HP: 19/19 MP: 0/5
   298 | D:1      | Learned a level 2 spell: Passwall
   569 | D:1      | Reached skill level 4 in Earth Magic
   569 | D:1      | Reached XP level 3. HP: 23/25 MP: 6/6
   769 | D:1      | Reached skill level 1 in Conjurations
   987 | D:2      | Noticed Sigmund
   989 | D:2      | Reached skill level 1 in Fighting
   989 | D:2      | Reached XP level 4. HP: 23/32 MP: 7/7
   991 | D:2      | Slain by Sigmund

Illustrated notes

Levels and vault maps discovered:
D:1:      dpeg_arrival_caged_fury, layout_basic
D:2:      kennysheep_the_goblin_king, layout_basic,
          hellmonk_ecumenical_altar_zigzags, minmay_tall_x, uniq_jessica,
          uniq_sigmund

Skill      XL: |  1  2  3 |
---------------+----------+-----
Earth Magic    | 4 |  4.3
Conjurations   | 1 |  1.1
Transmutations | 2 |  2.0
Fighting       | 1 |  1.0
Dodging        | |  1.7
Stealth        | |  2.4
Spellcasting   | |  2.5

Action                     |  1- 3 |  4- 6 || total
---------------------------+-------+-------++-------
  Melee: Long sword        |    52 |     1 ||    53
         Short sword       |     1 |       ||     1
   Cast: Sandblast         |    26 |     2 ||    28
   Stab: Sleeping          |     1 |       ||     1
 Armour: Robe              |    15 |       ||    15
  Dodge: Dodged            |    48 |     1 ||    49
